 Dungeon Crawl Stone Soup version 0.25-a0-1133-g93ebf73 (webtiles) character file.

Game seed: 2796394926192116268, levelgen mode: deterministic

36 Faca the Skirmisher (level 3, 0/42 HPs)
             Began as an Ogre Fighter on May 22, 2020.
             Slain by Sigmund
             ... wielding a +0 scythe
              (8 damage)
             ... on level 2 of the Dungeon.
             The game lasted 00:02:27 (1124 turns).

Faca the Skirmisher (Ogre Fighter)                  Turns: 1124, Time: 00:02:28

Health: 0/42       AC:  3    Str: 21    XL:     3   Next: 37%
Magic:  3/3        EV:  8    Int:  9    God:
Gold:   62         SH:  0    Dex:  8    Spells: 2/2 levels left

rFire    . . .     SeeInvis .   a - +0 trident
rCold    . . .     Gourm    .   c - +0 kite shield
rNeg     . . .     Faith    .   b - +0 robe
rPois    .         Spirit   .   (helmet restricted)
rElec    .         Reflect  .   (no cloak)
rCorr    .         Harm     .   (gloves unavailable)
MR       .....                  (boots unavailable)
Stlth    +.........             (no amulet)
HPRegen  0.14/turn              (no ring)
MPRegen  0.08/turn              (no ring)

@: confused, mighty, stab
A: large, unfitting armour, tough skin 1
a: no special abilities


You were on level 2 of the Dungeon.
You were not hungry.

You visited 1 branch of the dungeon, and saw 2 of its levels.

You collected 62 gold pieces.

Inventory:

Hand Weapons
 a - a +0 trident (weapon)
Missiles
 e - 4 javelins
 l - 3 large rocks (quivered)
Armour
 b - a +0 robe (worn)
 c - a +0 kite shield (worn)
Potions
 j - a potion of stabbing
Comestibles
 f - 2 rations
 g - 4 chunks of flesh


   Skills:
 + Level 5.0 Fighting
 + Level 2.9 Polearms
 - Level 2.6 Dodging
 - Level 2.6 Shields


You had 2 spell levels left.
You didn't know any spells.
Your spell library was empty.

Dungeon Overview and Level Annotations

Branches:
Dungeon (2/15)

Altars:

Annotations:
D:2 Sigmund


Innate Abilities, Weirdness & Mutations

You are too large for most types of armour.
You have tough skin. (AC +1)


Message History

Sigmund says, "Now you see me, now you don't..."
Sigmund hits you from afar with a +0 scythe!
Attack whom?
Press: ? - help, Dir - move target cursor, f/p - Sigmund
Aim: Sigmund, wielding a +0 scythe and wearing a +0 robe (heavily wounded)
You reach to attack!
You hit Sigmund.
Sigmund is heavily wounded.
Sigmund gestures at you while chanting.
You are confused.
You are too confused!
You are too confused!
Sigmund hits you with a +0 scythe! Sigmund hits you with a +0 scythe!
* * * LOW HITPOINT WARNING * * *
You bump into the rock wall.
It was a potion of stabbing.
You feel ready to backstab. Sigmund closely misses you.
Sigmund hits you from afar with a +0 scythe!
You die...

. ......#.# ... $?
#.. .. .......##.#.
#.#..
..###........#..#.).
................†)#
#......########.#
#<.............(#
#......@#######(#
#.......#######(#
#......@.#..÷...#
#........#.#######.
#..................
#........#.########
#............#
.......#....#.#
#.#######....#.# ..
........#.#
#####...#.#


You could see Sigmund.

Vanquished Creatures
  An ooze (D:1)
  A dart slug (D:1)
  A ball python (D:2)
  4 bats
  3 goblins (D:1)
  6 hobgoblins
  5 kobolds
  2 frilled lizards (D:1)
  5 rats
28 creatures vanquished.

Notes
Turn   | Place    | Note
-------+----------+-------------------------------------------
     0 | D:1      | Faca the Ogre Fighter began the quest for the Orb.
     0 | D:1      | Reached XP level 1. HP: 24/24 MP: 1/1
   123 | D:1      | Reached XP level 2. HP: 33/33 MP: 2/2
   486 | D:1      | Reached XP level 3. HP: 38/40 MP: 3/3
  1017 | D:2      | Noticed Sigmund
  1021 | D:2      | Reached skill level 5 in Fighting
  1124 | D:2      | Slain by Sigmund

Illustrated notes

Levels and vault maps discovered:
D:1:      minmay_arrival_checkered_box, layout_loops_ring
D:2:      cheibrodos_old_hovel, layout_basic, grunt_ministairs_3,
          minmay_tromino_v4_a, uniq_sigmund

Skill      XL: |  1  2  3 |
---------------+----------+-----
Fighting       | 5 |  5.0
Polearms       | |  2.9
Dodging        | |  2.6
Shields        | |  2.6

Action                   || total
-------------------------++-------
Melee: Trident           ||    95
  Use: Scroll            ||     4
       Potion            ||     2
  Eat: Chunk             ||     1
Armor: Robe              ||    27
Dodge: Dodged            ||    35
Block: Kite shield       ||    44

Table legend:
 A = Non-vault XP
 B = Vault XP
 C = Vault XP percentage of total XP
 D = Non-vault monster count
 E = Vault monster count
 F = Vault count percentage of total count
                 A         B        C        D         E       F
            +---------+---------+-------+---------+---------+-------
      Total |      47 |       5 |   9.6 |      25 |       3 |  10.7
            +---------+---------+-------+---------+---------+-------
        D:1 |      41 |       0 |   0.0 |      21 |       0 |   0.0
        D:2 |       6 |       5 |  45.5 |       4 |       3 |  42.9
            +---------+---------+-------+---------+---------+-------
